 Dungeon Crawl Stone Soup version 0.17.2-1-ge4368a0 (webtiles) character file.

19 tidbits the Insei (level 2, 0/22 HPs)
             Began as a Demigod Transmuter on Aug 26, 2017.
             Slain by a goblin (2 damage)
             ... on level 2 of the Dungeon.
             The game lasted 00:04:20 (429 turns).

tidbits the Insei (Demigod Transmuter)               Turns: 429, Time: 00:04:20

Health: 0/22       AC:  2    Str: 13    XL:     2   Next: 39%
Magic:  7/8        EV: 12    Int: 17    God:
Gold:   82         SH:  0    Dex: 16    Spells: 2 memorised, 3 levels left

rFire  . . .     SeeInvis .       - Unarmed
rCold  . . .     Clarity  .     b - +0 robe
rNeg   . . .     SustAt   +     (no shield)
rPois  .         Gourm    .     (no helmet)
rElec  .         Spirit   .     (no cloak)
rCorr  .         Warding  .     (no gloves)
rMut   .         Stasis   .     (boots currently unavailable)
MR     .....                    (no amulet)
Stlth  +.........               (no ring)
                                (no ring)

@: appendage, not resistant to hostile enchantments, very unstealthy
A: talons 3, high mp 1, sustain attributes
a: End Transformation


You were on level 2 of the Dungeon.
You were not hungry.
You had grown temporary talons.
You visited 1 branch of the dungeon, and saw 2 of its levels.

You collected 82 gold pieces.

Inventory:

Missiles
 a - 12 arrows
Armour
 b - a +0 robe (worn)
Scrolls
 f - 2 scrolls of identify {unknown}
 h - 3 scrolls of immolation {unknown}
 k - a scroll of magic mapping {unknown}
Potions
 e - a potion of curing {unknown}
 g - a potion of invisibility {unknown}
 i - a potion of resistance {unknown}
 j - a potion of agility {unknown}
Books
 c - a book of Changes

   Spells                             Type                      Level
   a - Beastly Appendage              Transmutation                1
   b - Sticks to Snakes               Transmutation                2
   c - Spider Form                    Transmutation/Poison         3
   d - Ice Form                       Ice/Transmutation            4
   e - Blade Hands                    Transmutation                5
Comestibles
 d - a bread ration


   Skills:
 - Level 0.8 Fighting
 - Level 1.7 Dodging
 * Level 2.9 Unarmed Combat
 - Level 2.5 Spellcasting
 + Level 1.7 Transmutations


You had 3 spell levels left.
You knew the following spells:

 Your Spells              Type           Power        Failure   Level  Hunger
e - Beastly Appendage     Trmt           #.....       12%         1    #......
k - Sticks to Snakes      Trmt           #.........   17%         2    ##.....


Dungeon Overview and Level Annotations

Branches:
Dungeon (2/15)


Innate Abilities, Weirdness & Mutations

You have an increased reservoir of magic (+10% MP).
Your attributes are resistant to harm.
You have claws for feet.


Message History

The helpless kobold fails to defend itself.
You hit the kobold.
The kobold is moderately wounded.
The kobold hits you.
You barely miss the kobold. You headbutt the kobold.
You kill the kobold!
A bat comes into view.
The bat moves out of view.
k - a scroll labeled LILARE XIOK
There are no items here.
You now have 69 gold pieces (gained 11).
Your horns disappear.
You now have 82 gold pieces (gained 13).
A giant cockroach comes into view.
The giant cockroach bites you.
Casting: Beastly Appendage
Confirm with . or Enter, or press ? or * to list all spells.
You grow a pair of large bovine horns.
The giant cockroach bites you but does no damage.
You hit the giant cockroach.
The giant cockroach is heavily wounded.
The giant cockroach bites you but does no damage.
You barely miss the giant cockroach.
The giant cockroach is heavily wounded.
The giant cockroach bites you.
You hit the giant cockroach but do no damage.
You headbutt the giant cockroach.
You kill the giant cockroach!
Your transformation is almost over.
You see here a giant cockroach corpse.
Your horns disappear.
The bat hits you but does no damage.
Casting: Beastly Appendage
Confirm with . or Enter, or press ? or * to list all spells.
You grow a pair of large bovine horns.
The bat barely misses you.
You closely miss the bat. You headbutt the bat.
The bat is severely wounded.
The bat barely misses you. x2
You hit the bat but do no damage. Your headbutt misses the bat.
The bat is moderately wounded.
The bat barely misses you.
You hit the bat but do no damage.
The bat is moderately wounded.
The bat closely misses you. The bat misses you.
You hit the bat.
You kill the bat!
Your transformation is almost over.
You see here a bat corpse.
Your horns disappear.
You see here a hand axe.
There is a stone staircase leading down here.
Casting: Beastly Appendage
Confirm with . or Enter, or press ? or * to list all spells.
Your feet morph into talons.
You climb downwards.
There is a stone staircase leading up here.
Found an escape hatch in the ceiling.
Found an escape hatch in the floor.
Your transformation is almost over.
Found 15 gold pieces.
A goblin comes into view. It is wielding a club.
The goblin shouts!
The goblin unwields an uncursed club.
The goblin wields a hunting sling.
The goblin shoots a sling bullet.
The sling bullet hits you but does no damage.
You see here a sling bullet.
Casting: Beastly Appendage
Confirm with . or Enter, or press ? or * to list all spells.
You extend your transformation's duration.
Your transformation is almost over.
The goblin shoots a sling bullet.
The sling bullet hits you!
Things that are here:
a sling bullet; 14 gold pieces The goblin shoots a sling bullet.
The sling bullet barely misses you.
A goblin comes into view.
The goblin unwields an uncursed hunting sling.
The goblin wields an uncursed club.
The goblin hits you with an uncursed club.
* * * LOW HITPOINT WARNING * * *
You hit the goblin.
The goblin is lightly wounded.
The goblin closely misses you.
You hit the goblin. You claw the goblin.
The goblin is severely wounded.
The goblin hits you with an uncursed club.
* * * LOW HITPOINT WARNING * * *
You closely miss the goblin. You claw the goblin.
You kill the goblin!
Casting: Beastly Appendage
Confirm with . or Enter, or press ? or * to list all spells.
You extend your transformation's duration.
You closely miss the goblin. You claw the goblin, but do no damage.
The goblin hits you.
* * * LOW HITPOINT WARNING * * *
You hit the goblin. You claw the goblin, but do no damage.
The goblin is heavily wounded.
You barely miss the goblin. You claw the goblin.
The goblin is severely wounded.
The goblin hits you.
You die...

#...........##...##
####........##....# #
#........##....# ..
#..#..........<#
.#..........##....#
............##....#
.....###.##.##.......#
..#..g......#...###.#
....##@......#..# #
#.............#
###.$.(.......###
##...(........#
##>..........#
###.........#
....<#.#(.....#
####...#...##.# #
##.......#.#.#


You could see a goblin.

Vanquished Creatures
  A giant gecko (D:2)
  2 bats (D:1)
  A goblin (D:2)
  3 hobgoblins
  3 jackals (D:1)
  2 giant cockroaches (D:1)
  3 kobolds (D:1)
  A rat (D:1)
16 creatures vanquished.

Notes
Turn   | Place    | Note
--------------------------------------------------------------
     0 | D:1      | tidbits the Demigod Transmuter began the quest for the Orb.
     0 | D:1      | Reached XP level 1. HP: 15/15 MP: 5/5
    93 | D:2      | Reached skill level 2 in Spellcasting
   140 | D:1      | Reached XP level 2. HP: 16/22 MP: 5/7
   282 | D:1      | Learned a level 2 spell: Sticks to Snakes
   427 | D:2      | HP: 2/22 [goblin (4)]
   429 | D:2      | Slain by a goblin

Action                   || total
-------------------------++-------
Melee: Unarmed           ||    48
 Cast: Beastly Appendage ||    15
 Stab: Sleeping          ||     2

Table legend:
 A = Turns spent in this place as a percentage of turns spent in the entire game.
 B = Non-inter-level travel turns spent in this place as a percentage of non-inter-level travel turns spent in the entire game.
 C = Inter-level travel turns spent in this place as a percentage of turns spent in this place.
 D = Turns resting spent in this place as a percentage of non-inter-level travel turns spent in this place.
 E = Turns spent auto-exploring this place as a percentage of non-inter-level travel turns spent in this place.
 F = Non-inter-level travel turns spent in this place divided by the number of levels of this place that you've seen.
                   A       B       C       D       E      F
               +-------+-------+-------+-------+-------+----------------------
         Total | 100.0 | 100.0 |   0.0 |   0.0 |   0.0 | 196.5
       Dungeon | 100.0 | 100.0 |   0.0 |   0.0 |   0.0 | 196.5
               +-------+-------+-------+-------+-------+----------------------

Table legend:
 A = Kills in this place as a percentage of kills in entire the game.
 B = Kills by you in this place as a percentage of kills by you in the entire game.
 C = Kills by friends in this place as a percentage of kills by friends in the entire game.
 D = Other kills in this place as a percentage of other kills in the entire game.
 E = Experience gained in this place as a percentage of experience gained in the entire game.
 F = Experience gained in this place divided by the number of levels of this place that you have seen.
                   A       B       C       D       E      F
               +-------+-------+-------+-------+-------+----------------------
         Total | 100.0 | 100.0 |  -nan |  -nan | 100.0 |  14.0
       Dungeon | 100.0 | 100.0 |  -nan |  -nan | 100.0 |  14.0
               +-------+-------+-------+-------+-------+----------------------

Vault maps used:
D:1:      dpeg_arrival_prison, minmay_misc_feat_rows
D:2:      uniq_natasha
